 Dungeon Crawl Stone Soup version 0.27.1-34-g3ba077fa99 (webtiles) character file.

Game seed: 10682291557855647691

60403 kentos9 the Eclecticist (level 14, -19/71 HPs)
             Began as a Felid Earth Elementalist on Jan 12, 2022.
             Was an Elder of Vehumet.
             Shot with a bolt by a naga sharpshooter (22 damage)
             ... on level 2 of the Snake Pit on Jan 13, 2022.
             The game lasted 05:15:55 (61005 turns).

kentos9 the Eclecticist (Felid Earth Elementalist) Turns: 61005, Time: 05:15:55

Health: -19/71     AC:  7    Str:  4    XL:     14   Next: 56%
Magic:  20/34      EV: 27    Int: 26    God:    Vehumet [****..]
Gold:   2478       SH:  5    Dex: 17    Spells: 3/43 levels left
                                        Lives:  0   Deaths: 4

rFire    . . .     SeeInvis +   (weapon unavailable)
rCold    + . .     Faith    .   (shield unavailable)
rNeg     . . .     Spirit   .   (armour unavailable)
rPois    .         Reflect  +   (helmet unavailable)
rElec    .         Harm     .   (cloak unavailable)
rCorr    .         Rampage  .   (gloves unavailable)
Will     ++++.                  (boots unavailable)
Stlth    ++++......             E - amulet of reflection
HPRegen  0.21/turn              s - +4 ring of protection
MPRegen  0.24/turn              N - ring of the Mage {Wiz Will++ Int+3}

@: quick
A: very small, claws 1, fangs 3, see invisible, speed 1, shaggy fur 3, stealthy
paws, no weapons or thrown items, no armour, multi-lived
a: Renounce Religion


You were on level 2 of the Snake Pit.
You worshipped Vehumet.
Vehumet was greatly pleased with you.
You visited 5 branches of the dungeon, and saw 26 of its levels.
You also visited: Gauntlet.

You collected 2812 gold pieces.
You spent 334 gold pieces at shops.

Inventory:

Missiles
 b - 341 stones
Jewellery
 c - a ring of positive energy
 p - a ring of willpower
 s - a +4 ring of protection (left paw)
 w - a ring of protection from cold
 C - an amulet of magic regeneration
 E - an amulet of reflection (around neck)
 L - an amulet of guardian spirit
 N - the ring of the Mage (right paw) {Wiz Will++ Int+3}
   (You found it in a Gauntlet)

   [ring of wizardry]

   It improves your spell success rate.
   Int:       It affects your intelligence (+3).
   Will:      It greatly increases your willpower.
Wands
 j - a wand of iceblast (28)
 q - a wand of paralysis (11)
 y - a wand of mindburst (19)
 B - a wand of digging (7)
 I - a wand of acid (6)
 P - a wand of flame (34)
 Q - a wand of polymorph (17)
 R - a wand of charming (8)
Scrolls
 d - 2 scrolls of amnesia
 i - 11 scrolls of teleportation
 n - a scroll of summoning
 t - a scroll of immolation
 u - 4 scrolls of fog
 v - 7 scrolls of fear
 A - 3 scrolls of vulnerability
 D - a scroll of torment
 F - 5 scrolls of magic mapping
 O - 2 scrolls of identify
 S - a scroll of silence
Potions
 a - 5 potions of curing
 e - 6 potions of might
 f - 7 potions of flight
 g - 4 potions of heal wounds
 h - 5 potions of haste
 k - 2 potions of ambrosia
 l - a potion of berserk rage
 m - 2 potions of invisibility
 o - 2 potions of resistance
 r - 3 potions of attraction
 z - 2 potions of lignification
 G - 2 potions of mutation
 K - a potion of brilliance
 M - a potion of magic
Miscellaneous
 x - a phantom mirror
 H - a phantom mirror
 J - a phantom mirror
 T - a box of beasts


   Skills:
 + Level 13.9 Fighting
 + Level 14.6 Dodging
 - Level 8.0 Stealth
 + Level 15.2 Spellcasting
 - Level 7.0 Conjurations
 - Level 4.0 Transmutations
 - Level 7.0 Fire Magic
 - Level 5.0 Air Magic
 - Level 11.0 Earth Magic
 - Level 4.0 Poison Magic


You had 3 spell levels left.
You knew the following spells:

 Your Spells              Type           Power      Damage    Failure   Level
a - Iron Shot             Conj/Erth      30%        9d6       1%          6
b - Fireball              Conj/Fire      27%        3d12      1%          5
c - Lee's Rapid Deconstr  Erth           33%        3d18*     1%          5
d - Airstrike             Air            22%        N/A       1%          4
e - Petrify               Tmut/Erth      56%        N/A       1%          4
g - Bolt of Magma         Conj/Fire/Erth 29%        4d13      1%          5
h - Starburst             Conj/Fire      27%        6d9       2%          6
i - Sandblast             Erth           100%       2d20      1%          1
p - Passwall              Tmut/Erth      46%        N/A       1%          2
v - Blink                 Tloc           N/A        N/A       1%          2

Your spell library contained the following spells:

 Spells                   Type           Power      Damage    Failure   Level
 Animate Skeleton         Necr           38%        N/A       1%          1
 Beastly Appendage        Tmut           80%        N/A       1%          1
 Foxfire                  Conj/Fire      100%       2x1d9     1%          1
 Magic Dart               Conj           100%       1d8       1%          1
 Pain                     Necr           76%        1d7       1%          1
 Shock                    Conj/Air       100%       1d9       1%          1
 Searing Ray              Conj           100%       3d7       1%          2
 Slow                     Hex            19%        N/A       1%          2
 Wereblood                Tmut           40%        N/A       1%          2
 Inner Flame              Hex/Fire       38%        N/A       1%          3
 Spider Form              Tmut/Pois      20%        N/A       1%          3
 Stone Arrow              Conj/Erth      100%       3d13      1%          3
 Swiftness                Air            45%        N/A       1%          3
 Confusing Touch          Hex            19%        N/A       3%          3
 Lesser Beckoning         Tloc           9%         N/A       3%          3
 Vampiric Draining        Necr           9%         2d7       3%          3
 Fulminant Prism          Conj/Hex       19%        3d11      1%          4
 Iskenderun's Mystic Bla  Conj/Tloc      38%        2d9       1%          4
 Olgreb's Toxic Radiance  Pois           40%        N/A       1%          4
 Lightning Bolt           Conj/Air       25%        1d41      1%          5
 Summon Lightning Spire   Summ/Air       32%        N/A       4%          4
 Blade Hands              Tmut           20%        N/A       6%          5
 Cause Fear               Hex            9%         N/A       11%         4
 Manifold Assault         Tloc           19%        N/A       28%         5
 Invisibility             Hex            9%         N/A       82%         6
 Simulacrum               Ice/Necr       9%         N/A       82%         6
 Borgnjor's Revivificati  Necr           9%         N/A       100%        8
 Discord                  Hex            9%         N/A       100%        8
 Portal Projectile        Hex/Tloc       Unusable   N/A       N/A         3
 Excruciating Wounds      Necr           Unusable   N/A       N/A         5

Dungeon Overview and Level Annotations

Branches:
Dungeon (15/15)            Temple (1/1) D:6            Lair (6/6) D:10
 Shoals (0/4) Lair:3        Snake (2/4) Lair:3        Slime (0/5) Lair:5
    Orc (2/2) D:10            Elf (0/3) Orc:2        Vaults (0/5) D:14
 Depths (0/5) D:15        Gauntlet (visited)

Altars:
Ashenzari
Cheibriados
Dithmenos
Elyvilon
Fedhas
Gozag
Hepliaklqana
Kikubaaqudgha
Makhleb
Nemelex Xobeh
Okawaru
Qazlal
Ru
Sif Muna
Trog
Uskayaw
Vehumet
Wu Jian
Xom
Yredelemnul
Zin
The Shining One
Jiyva

Shops:
D:13 (   D:14 !   Orc:2 [?=?   Snake:2 (

Portals:
Abyss: D:14

Annotations:
D:9 2 runed translucent doors, exclusion: obsidian statue
D:14 1 transporter, exclusions: daeva, large abomination, raiju, thrashing horror and wizard
D:15 exclusion: fire dragon
Snake:1 2 transporters, vinnietd's ghost, adept HaFi
Snake:2 Azrael


Innate Abilities, Weirdness & Mutations

You have sharp claws.
You have razor-sharp teeth.
You have supernaturally acute eyesight. (SInv)
You cover ground quickly. (Speed+)
Your thick and shaggy fur keeps you warm. (AC +3, rC+)
Your paws help you pounce on unaware monsters.
You are incapable of wielding weapons or throwing items.
You cannot wear armour.
You gain extra lives every three experience levels.


Message History

The naga sharpshooter gestures wildly while chanting.
The naga sharpshooter magically shoots a bolt.
The bolt hits you!!
Casting: Lee's Rapid Deconstruction (safe; 1% risk of failure)
Confirm with . or Enter, or press ? or * to list all spells.
Aiming: Lee's Rapid Deconstruction (safe; 1% risk of failure)
Press: ? - help, Dir - move target A rock wall.
The wall shatters!
The blast of rock fragments hits the naga sharpshooter!!
The naga sharpshooter is moderately wounded.
You hear a shout!
Casting: Lee's Rapid Deconstruction (safe; 1% risk of failure)
Confirm with . or Enter, or press ? or * to list all spells.
Aiming: Lee's Rapid Deconstruction (safe; 1% risk of failure)
Press: ? - help, Dir - move target A rock wall.
The wall shatters!
The blast of rock fragments hits the naga sharpshooter!
The naga sharpshooter is heavily wounded.
You hear a shout!
The naga sharpshooter shoots a bolt.
The bolt hits you!!
Casting: Lee's Rapid Deconstruction (safe; 1% risk of failure)
Confirm with . or Enter, or press ? or * to list all spells.
Aiming: Lee's Rapid Deconstruction (safe; 1% risk of failure)
Press: ? - help, Dir - move target A rock wall.
The wall shatters!
The blast of rock fragments hits the naga sharpshooter!!
The naga sharpshooter is almost dead.
The naga sharpshooter spits poison at you.
The splash of poison reflects off an invisible shield around you!
The splash of poison hits the naga sharpshooter.
The naga sharpshooter casts a spell.
The naga sharpshooter magically shoots a bolt.
The bolt hits you!!
* * * LOW HITPOINT WARNING * * *
You hear a bark!
The naga sharpshooter shoots a bolt.
The bolt hits you!!
You die...

#..#
#.SR####.
#...# N
#○##.#
..[..# N#
#.○○.#
..>.######.#
##.R○#
#.........#
#...°
#........#
#..###
#.....# #..#
# #....##
#..# #.@.##
###. #...# #
#.....
..#.....
.####.####
.# .# .# .#
.# .#


You could see a naga sharpshooter (catching breath).

Vanquished Creatures
  Rupert (Lair:4)
  Kirke (Lair:5)
  A minotaur (shapeshifter) (D:15)
  2 dire elephants
  Harold (D:9)
  A vault guard (D:14)
  4 boulder beetles
  11 hydras
  2 anacondas
  2 naga warriors (Snake:1)
  2 alligators (Lair:4)
  2 death knights (D:14)
  3 catoblepae
  13 centaur warriors
  18 death yaks
  3 tengu warriors
  A vampire mage (D:15)
  A shock serpent (Snake:1)
  A naga sharpshooter (Snake:1)
  4 orc high priests
  3 skeletal warriors
  4 sea snakes
  A shadow dragon zombie (D:15)
  5 orc knights
  A necromancer (D:15)
  2 deep elf pyromancers
  5 orc sorcerers (Orc:2)
  3 mana vipers (Snake:1)
  3 manticores
  2 salamanders (Snake:1)
  A cyclops (shapeshifter) (D:15)
  9 cyclopes
  2 ugly things (D:8)
  4 oklob plants (Lair:6)
  16 black mambas
  2 guardian serpents
  13 elephants
  3 naga magi (Snake:1)
  3 torpor snails
  4 merfolk sirens (Lair:3)
  11 cane toads
  Maggie (D:8)
  A fire giant skeleton (D:15)
  4 gargoyles
  An unseen horror (shapeshifter) (D:13)
  12 komodo dragons
  8 rime drakes
  A spriggan zombie (D:15)
  An efreet (D:15)
  2 freezing wraiths (D:15)
  2 tengu conjurers
  5 trolls
  A spriggan skeleton (D:15)
  3 meliai (D:15)
  A hornet (D:7)
  16 polar bears
  A raiju (Lair:6)
  4 blink frogs
  14 slime creatures
  Prince Ribbit (D:6)
  10 dream sheep
  5 shadows
  A wraith (D:15)
  A vampire (D:12)
  Eustachio (D:5)
  A hog (Lair:5)
  4 wyverns
  4 fire elementals (Snake:2)
  49 yaks
  9 humans (D:14)
  A steam dragon (Lair:6)
  5 vampire mosquitoes
  7 basilisks
  8 wargs
  2 swamp worms (Gauntlet)
  10 nagas
  An acid dragon (D:9)
  19 water moccasins
  2 two-headed ogre zombies (D:10)
  16 hell hounds
  2 necrophages
  2 ice beasts
  A hornet zombie (D:8)
  17 black bears
  18 orc warriors
  31 wolves
  7 ogres
  15 centaurs
  2 kobold brigands
  A gnoll sergeant (D:5)
  14 bullfrogs
  4 scorpions
  2 water moccasin skeletons
  A troll zombie (D:10)
  9 killer bees
  8 wights
  8 howler monkeys
  15 electric eels
  3 centaur zombies
  18 orc priests
  2 hounds
  7 jellies
  3 centaur skeletons
  A bullfrog skeleton (D:5)
  An iguana (D:6)
  17 orc wizards
  Natasha (thrice) (D:3)
  A hell rat (Lair:6)
  A killer bee zombie (D:5)
  5 ogre zombies (D:10)
  6 adders
  A white imp (Temple)
  An ufetubus (D:4)
  2 adder skeletons (D:4)
  A worm (D:2)
  2 dart slugs
  46 orcs
  10 endoplasms
  5 giant cockroaches
  2 goblins
  11 hobgoblins
  3 jackals (D:1)
  A quokka (D:3)
  9 ball pythons
  4 bats
  4 frilled lizards
  A goblin skeleton (D:10)
  4 goblin zombies (D:10)
  A hobgoblin skeleton (D:10)
  3 hobgoblin zombies (D:10)
  14 kobolds
  3 orc skeletons (D:10)
  13 orc zombies (D:10)
  6 rats
778 creatures vanquished.

Vanquished Creatures (collateral kills)
  An ogre (D:5)
1 creature vanquished.

Vanquished Creatures (others)
  2 vault guards (D:14)
  3 humans (Lair:5)
  A kobold (D:6)
  A bush (Lair:6)
  15 demonic plants
  16 foxfires
  66 fungi
  99 plants
  11 withered plants
214 creatures vanquished.

Grand Total: 993 creatures vanquished

Notes
Turn   | Place    | Note
-------+----------+-------------------------------------------
     0 | D:1      | kentos9 the Felid Earth Elementalist began the quest for
                  | the Orb.
     0 | D:1      | Reached XP level 1. HP: 7/7 MP: 4/4
   196 | D:1      | Reached XP level 2. HP: 11/11 MP: 1/6
   857 | D:2      | Reached XP level 3. HP: 15/15 MP: 4/7
   896 | D:2      | Learned a level 3 spell: Stone Arrow
   909 | D:2      | Reached skill level 1 in Fighting
  1316 | D:2      | Reached XP level 4. HP: 19/19 MP: 2/9
  1872 | D:3      | Reached skill level 1 in Conjurations
  2059 | D:3      | Noticed Natasha
  2066 | D:3      | Killed Natasha
  2366 | D:3      | Reached skill level 3 in Spellcasting
  2366 | D:3      | Reached XP level 5. HP: 22/22 MP: 6/10
  2653 | D:3      | Noticed a water moccasin
  2741 | D:3      | Noticed Natasha
  2779 | D:3      | Found a faded altar of an unknown god.
  3240 | D:3      | Killed Natasha
  3329 | D:4      | Noticed an ogre
  3337 | D:4      | Gained mutation: You are covered in thick fur. (AC +2)
                  | [Felid growth]
  3337 | D:4      | Reached XP level 6. HP: 16/27 MP: 6/11
  3473 | D:3      | Found an iron altar of Okawaru.
  3494 | D:3      | Noticed Natasha
  3503 | D:3      | Killed Natasha
  3961 | D:4      | Found a shadowy altar of Dithmenos.
  3964 | D:4      | Found a sparkling altar of Nemelex Xobeh.
  3966 | D:4      | Found a hide-covered altar of Uskayaw.
  4174 | D:4      | Found a stormy altar of Qazlal.
  4401 | D:4      | Reached XP level 7. HP: 31/31 MP: 8/12
  4954 | D:5      | Entered Level 5 of the Dungeon
  5079 | D:5      | Learned a level 2 spell: Passwall
  5352 | D:5      | Reached skill level 5 in Earth Magic
  5482 | D:5      | Reached XP level 8. HP: 36/36 MP: 3/13
  5675 | D:5      | Reached skill level 5 in Conjurations
  5978 | D:5      | Identified the +4 dagger of Burning Reinforcement {vorpal,
                  | rElec Will++ Dex-2 Stlth+}
  6835 | D:5      | Reached skill level 5 in Fighting
  7666 | D:6      | Noticed Eustachio
  7678 | D:6      | Reached skill level 4 in Spellcasting
  7885 | D:6      | Noticed Prince Ribbit
  8447 | D:6      | Found a staircase to the Ecumenical Temple.
  8472 | Temple   | Entered the Ecumenical Temple
  8616 | Temple   | Became a worshipper of Vehumet
  8751 | D:6      | Learned a level 5 spell: Lee's Rapid Deconstruction
  8973 | D:5      | Killed Eustachio
  8974 | D:5      | Reached XP level 9. HP: 41/41 MP: 1/16
  9641 | D:6      | Found a white marble altar of Elyvilon.
  9646 | D:6      | Found a burning altar of Makhleb.
  9651 | D:6      | Found an ornate altar of the Wu Jian Council.
  9802 | D:6      | Found a staircase to the Ecumenical Temple.
  9818 | D:6      | Killed Prince Ribbit
  9956 | D:6      | Found a white marble altar of Elyvilon.
  9961 | D:6      | Found a burning altar of Makhleb.
  9966 | D:6      | Found an ornate altar of the Wu Jian Council.
 10917 | D:7      | Reached skill level 5 in Dodging
 10984 | D:7      | Paralysed by a hornet for 1 turns
 10986 | D:7      | Reached skill level 5 in Spellcasting
 11077 | D:7      | Found a glowing silver altar of Zin.
 11872 | D:8      | Found a shimmering altar of Xom.
 11873 | D:8      | Found a shimmering altar of Xom.
 11877 | D:8      | Found a shimmering altar of Xom.
 11906 | D:8      | Found a broken altar of Ashenzari.
 12104 | D:8      | Reached * piety under Vehumet
 12104 | D:8      | Offered knowledge of Foxfire by Vehumet.
 12169 | D:8      | Learned a level 1 spell: Foxfire
 12201 | D:8      | Reached XP level 10. HP: 45/45 MP: 15/19
 12793 | D:8      | Noticed a cyclops
 12839 | D:8      | Found a sacrificial altar of Ru.
 13448 | D:8      | Noticed a white ugly thing
 13467 | D:8      | Noticed a green ugly thing
 13631 | D:9      | Noticed Maggie
 14119 | D:9      | Found a runed translucent door.
 14169 | D:9      | Found a runed translucent door.
 14208 | D:9      | Found a runed translucent door.
 14216 | D:9      | Noticed Harold
 14258 | D:9      | Killed from afar by Harold
 14259 | D:9      | Reached XP level 9. HP: 0/41 MP: 4/18
 14263 | D:9      | Found a runed translucent door.
 14466 | D:10     | Entered Level 10 of the Dungeon
 14699 | D:10     | Reached skill level 6 in Spellcasting
 14848 | D:10     | Found a staircase to the Lair.
 15322 | D:10     | Reached skill level 10 in Earth Magic
 15342 | D:10     | Reached ** piety under Vehumet
 15343 | D:10     | Reached skill level 1 in Air Magic
 15357 | D:10     | Offered knowledge of Static Discharge by Vehumet.
 15522 | D:10     | Found a staircase to the Orcish Mines.
 15542 | D:10     | Reached XP level 10. HP: 45/45 MP: 15/20
 16027 | D:11     | Noticed a centaur warrior
 16356 | D:11     | Noticed a cyclops
 16428 | D:11     | Reached skill level 7 in Spellcasting
 16589 | D:11     | Found a shadowy altar of Dithmenos.
 16672 | D:11     | Offered knowledge of Ignite Poison by Vehumet.
 16674 | D:11     | Killed a centaur warrior
 16799 | D:11     | Learned a level 4 spell: Petrify
 17253 | D:11     | Noticed a boulder beetle
 17499 | D:10     | Learned a level 4 spell: Airstrike
 17504 | Lair:1   | Entered Level 1 of the Lair of Beasts
 17518 | Lair:1   | Noticed a seven-headed hydra
 17518 | Lair:1   | Noticed a cane toad
 17529 | Lair:1   | Killed a seven-headed hydra
 17530 | Lair:1   | Reached skill level 10 in Dodging
 17530 | Lair:1   | Reached XP level 11. HP: 48/48 MP: 11/23
 17752 | D:10     | Reached *** piety under Vehumet
 18146 | D:10     | Reached skill level 8 in Spellcasting
 18873 | Lair:1   | Reached skill level 5 in Air Magic
 19386 | Lair:1   | Noticed a four-headed hydra
 19391 | Lair:1   | Killed a four-headed hydra
 19391 | Lair:1   | Offered knowledge of Olgreb's Toxic Radiance by Vehumet.
 19479 | Lair:1   | Learned a level 4 spell: Olgreb's Toxic Radiance
 19847 | Lair:2   | Reached skill level 9 in Spellcasting
 20002 | Lair:2   | Noticed an eight-headed hydra
 20224 | Lair:2   | Noticed a five-headed hydra
 20237 | Lair:2   | Killed a five-headed hydra
 20569 | Lair:2   | Noticed a catoblepas
 20652 | Lair:2   | Reached **** piety under Vehumet
 20735 | Lair:2   | Killed an eight-headed hydra
 20736 | Lair:2   | Gained mutation: Your thick and shaggy fur keeps you warm.
                  | (AC +3, rC+) [Felid growth]
 20736 | Lair:2   | Reached XP level 12. HP: 47/55 MP: 1/26
 21158 | Lair:2   | Killed a catoblepas
 21489 | Lair:3   | Reached skill level 10 in Spellcasting
 21576 | Lair:3   | Found a staircase to the Snake Pit.
 21586 | Lair:3   | Reached skill level 1 in Poison Magic
 21595 | Lair:3   | Offered knowledge of Bolt of Magma by Vehumet.
 21852 | Lair:3   | Learned a level 5 spell: Bolt of Magma
 22035 | Lair:3   | Found the +1 cloak of Starlight {*Dazzle EV+4 Stlth--}
 22278 | Lair:3   | Reached skill level 1 in Fire Magic
 23170 | Lair:3   | Found a staircase to the Shoals.
 24771 | Lair:4   | Noticed a death yak
 24872 | Lair:4   | Noticed a death yak
 25016 | Lair:4   | Killed a death yak
 25017 | Lair:4   | Reached skill level 11 in Spellcasting
 25243 | Lair:4   | Noticed an alligator
 25255 | Lair:4   | Killed an alligator
 25260 | Lair:4   | Noticed a death yak
 25288 | Lair:4   | Killed a death yak
 25289 | Lair:4   | Reached XP level 13. HP: 60/60 MP: 4/29
 25994 | Lair:5   | Noticed Rupert
 26627 | Lair:5   | Noticed Kirke
 26640 | Lair:5   | Killed Kirke
 26641 | Lair:5   | Reached skill level 10 in Fighting
 26641 | Lair:5   | Reached skill level 12 in Spellcasting
 27117 | Lair:4   | Paralysed by Rupert for 3 turns
 27172 | Lair:4   | Killed Rupert
 27553 | Lair:5   | Found a runed translucent door.
 27556 | Lair:5   | Found a viscous altar of Jiyva.
 27557 | Lair:5   | Found a staircase to the Slime Pits.
 28511 | Lair:6   | Entered Level 6 of the Lair of Beasts
 29547 | Lair:6   | Reached ***** piety under Vehumet
 29547 | Lair:6   | Offered knowledge of Starburst by Vehumet.
 29803 | Lair:6   | Reached skill level 5 in Stealth
 30060 | Lair:6   | Reached XP level 14. HP: 42/67 MP: 15/31
 30874 | Lair:6   | Identified the +0 trident "Beififio" {holy, rC++}
 31389 | Lair:6   | Learned a level 6 spell: Starburst
 31875 | Lair:6   | Reached skill level 13 in Spellcasting
 33210 | Lair:6   | Reached skill level 5 in Fire Magic
 33883 | Lair:6   | Found the +6 lightning scales {swift, rElec}
 34953 | Lair:6   | Splashed by an oklob plant's acid
 34954 | Lair:6   | Reached XP level 13. HP: -2/64 MP: 9/31
 36390 | D:9      | Killed Harold
 36391 | D:9      | Reached XP level 14. HP: 60/69 MP: 5/32
 36884 | D:8      | Killed Maggie
 37192 | D:8      | Identified the +5 spear of Xuutzih {elec, Dex+5}
 37737 | D:12     | Found a gate leading to a gauntlet.
 37797 | Gauntlet | Entered a Gauntlet
 37797 | Gauntlet | Found a transporter.
 37812 | Gauntlet | Found a transporter.
 37821 | Gauntlet | Found a transporter.
 37826 | Gauntlet | Found a transporter.
 37841 | Gauntlet | Found a transporter.
 37841 | Gauntlet | Found the ring of the Mage {Wiz Will++ Int+3}
 37860 | Gauntlet | Found a transporter.
 37872 | Gauntlet | Found a transporter.
 37884 | Gauntlet | Found a transporter.
 37890 | Gauntlet | Found a transporter.
 37905 | Gauntlet | Found a transporter.
 37917 | Gauntlet | Found a transporter.
 37923 | Gauntlet | Found a transporter.
 37923 | Gauntlet | Found a transporter.
 37962 | Gauntlet | Found a transporter.
 38007 | Gauntlet | Found a transporter.
 38007 | Gauntlet | Found a transporter.
 38087 | Gauntlet | Found a transporter.
 38123 | Gauntlet | Found a transporter.
 38405 | Gauntlet | Got Woazuer's Volume of Twisted Transmigration
 38733 | Gauntlet | Offered knowledge of Iron Shot by Vehumet.
 38816 | Gauntlet | HP: 3/69 [dire elephant (36)]
 39176 | Gauntlet | Identified the +3 halberd "Qoburphuu" {vamp, rElec Stlth+}
 39255 | Gauntlet | Demolished by a minotaur
 39256 | Gauntlet | Reached XP level 13. HP: -16/65 MP: 26/31
 39327 | D:11     | Learned a level 6 spell: Iron Shot
 40656 | D:13     | Identified the +1 robe "Nowk" {rC- rN+++ rCorr SInv}
 40700 | D:13     | Found Ycu Weh's Antique Weapon Shoppe.
 41207 | D:13     | Found a hazy altar of Hepliaklqana.
 43405 | D:14     | Found Onem's Distillery.
 43415 | D:14     | Bought a potion of resistance for 170 gold pieces
 43415 | D:14     | Bought a potion of magic for 136 gold pieces
 43558 | D:14     | Found a transporter.
 44164 | Orc:1    | Entered Level 1 of the Orcish Mines
 44999 | Orc:2    | Entered Level 2 of the Orcish Mines
 45020 | Orc:2    | Reached skill level 14 in Spellcasting
 45020 | Orc:2    | Reached XP level 14. HP: 69/69 MP: 16/33
 45313 | Orc:2    | Offered knowledge of Fireball by Vehumet.
 45671 | Orc:2    | Found a staircase to the Elven Halls.
 45819 | Orc:2    | Found a shimmering blue altar of Sif Muna.
 46203 | Orc:2    | Learned a level 5 spell: Fireball
 46206 | Orc:2    | Learned a level 2 spell: Blink
 47168 | Orc:2    | Found a shimmering blue altar of Sif Muna.
 47402 | Orc:2    | Found a staircase to the Elven Halls.
 47735 | Orc:2    | Found Ycer's Magic Scroll Boutique.
 47735 | Orc:2    | Found Inob's Jewellery Shoppe.
 47737 | Orc:2    | Found Otagis's Magic Scroll Boutique.
 47737 | Orc:2    | Found Ethad's Armour Shoppe.
 47751 | Orc:2    | Bought a scroll of identify for 28 gold pieces
 50466 | D:13     | Found a hazy altar of Hepliaklqana.
 51219 | D:13     | Found Ycu Weh's Antique Weapon Shoppe.
 52265 | D:14     | Identified the +10 glaive of Omoo {venom, rC+}
 52269 | D:14     | Found a gate to the Vaults.
 52462 | D:14     | Identified the +6 plate armour "Xuittuuc" {Rampage}
 52496 | D:14     | Noticed a daeva
 52521 | D:14     | Found a radiant altar of Vehumet.
 52553 | D:14     | Found a one-way gate to the infinite horrors of the Abyss.
 52759 | D:14     | Identified the amulet "Impupir" {Faith rF++ rC+++ Will-
                  | Dex-5}
 52909 | D:15     | Entered Level 15 of the Dungeon
 53784 | D:15     | Found a bloodstained altar of Trog.
 54588 | D:15     | Found a staircase to the Depths.
 55451 | D:15     | Reached XP level 15. HP: 74/74 MP: 17/34
 56590 | Snake:1  | Entered Level 1 of the Snake Pit
 57133 | Lair:3   | HP: 1/74 [guardian serpent (18)]
 57135 | Lair:3   | Killed from afar by a guardian serpent
 57136 | Lair:3   | Reached XP level 14. HP: -2/70 MP: 8/33
 57643 | Snake:1  | Reached skill level 15 in Spellcasting
 57826 | Snake:1  | Found a sparkling altar of Nemelex Xobeh.
 59942 | Snake:1  | Noticed a nagaraja
 59947 | Snake:1  | Noticed vinnietd's ghost (adept HaFi)
 59996 | Snake:1  | Found a transporter.
 60014 | Snake:1  | Found a transporter.
 60780 | Snake:2  | Found Pehiroci's Weapon Boutique.
 60795 | Snake:2  | Noticed Azrael
 61004 | Snake:2  | HP: 3/71 [naga sharpshooter/bolt (22)]
 61005 | Snake:2  | Shot with a bolt by a naga sharpshooter

Illustrated notes

Levels and vault maps discovered:
D:1:      psy_arrival_whirlpool, layout_rooms
D:2:      layout_basic
D:3:      layout_basic, okawaru_metal_pillars_1_2, shapermc_ecumenical_altar_gd,
          uniq_natasha
D:4:      layout_rooms, lemuel_crystal_altar, grunt_temple_overflow_open
D:5:      layout_gridville, kennysheep_generic_room_10
D:6:      layout_rooms, minmay_overflow_temple_star_quad,
          minmay_temple_entry_ruins, corexii_checkpoint_b, uniq_eustachio,
          uniq_prince_ribbit1
D:7:      layout_gridville, zin_academy, amcnicky_mini_pool_small
D:8:      minmay_tri_box, layout_loops_corners, nicolae_ashenzari_skybound,
          old_standard_altar, xom_redecorated
D:9:      layout_irregular_city, st_stairs_8, minmay_statue_crystal_thing,
          uniq_maggie, uniq_harold
D:10:     layout_roguey, lair_entry_dummy, zombieorc2_lemuel
D:11:     layout_gridville, grunt_dithmenos_smoke
D:12:     layout_gridville, gauntlet_entry_generic
D:13:     minmay_four_partial_circles, layout_grid_maze, serial_shops, shop,
          nzn_hepliaklqana_mist_gate
D:14:     layout_roguey, ximxim_vaults_locker_room, serial_shops,
          nicolae_shop_waterfront, nicolae_vehumet_altar_sigil,
          gammafunk_ghost_abyssal_escape
D:15:     gammafunk_depths_entry_grave, layout_basic, old_standard_altar
Temple:   eino_temple_lava
Lair:1:   layout_cave_pods, serial_bayou_shore_b
Lair:2:   layout_regular_city, grunt_megastairs_4
Lair:3:   beast_lair_carwin_large_1, layout_hall_layers,
          elwin_shoals_entry_stream, guppyfry_snake_entry_island,
          serial_bayou_shore_a
Lair:4:   nzn_winding_woodlands_large [nzn_winding_woodlands_hourglass,
          nzn_winding_woodlands_5x15_split_checker,
          nzn_winding_woodlands_5x5_three,
          nzn_winding_woodlands_center_diamonds,
          nzn_winding_woodlands_15x15_eel_pit,
          nzn_winding_woodlands_center_triple_pond,
          nzn_winding_woodlands_5x5_open_star,
          nzn_winding_woodlands_5x15_default,
          nzn_winding_woodlands_5x5_default], layout_regular_city
Lair:5:   layout_small_grid, slime_altar_2, uniq_rupert, uniq_kirke
Lair:6:   hangedman_lair_in_review, layout_long_grid,
          hangedman_lair_caniforms_friends, serial_bayou_pond_b,
          guppyfry_lair_drakes, minmay_lair_oklob_chamber
Snake:1:  layout_basic, gammafunk_ghost_arena, basic_altar,
          nicolae_snake_lava_pool, grunt_megastairs_2
Snake:2:  layout_layer_cave, serial_shops, nicolae_shop_crystal,
          grunt_megastairs_1, uniq_azrael
Orc:1:    layout_caves
Orc:2:    grunt_orc_tribal_feast, layout_caves, nicolae_orc_stony_grotto,
          kennysheep_orc_sif_temple

Skill      XL: |  1  2  3  4  5  6  7  8  9 10 11 12 13 14 |
---------------+-------------------------------------------+-----
Stealth        | 3 5 8 |  8.0
Dodging        | 3 8 10 13 14 | 14.6
Earth Magic    | 3 4 5 7 10 11 | 11.0
Fighting       | 1 2 3 4 5 6 7 9 11 13 | 13.9
Conjurations   | 1 2 3 4 5 6 7 |  7.0
Spellcasting   | 3 4 6 7 9 11 14 15 | 15.2
Air Magic      | 1 4 5 |  5.0
Transmutations | 3 4 |  4.0
Poison Magic   | 4 |  4.0
Fire Magic     | 3 6 7 |  7.0

Action                   |  1- 3 |  4- 6 |  7- 9 | 10-12 | 13-15 || total
-------------------------+-------+-------+-------+-------+-------++-------
Melee: Unarmed           |    16 |    18 |     8 |    58 |     8 ||   108
       Bite              |     1 |       |     2 |    12 |     2 ||    17
 Cast: Sandblast         |    49 |    69 |   137 |   102 |   265 ||   622
       Stone Arrow       |       |     9 |   123 |   179 |   302 ||   613
       Foxfire           |       |       |     5 |     5 |       ||    10
       Lee's Rapid Decon |       |       |       |    50 |   112 ||   162
       Airstrike         |       |       |       |    47 |   162 ||   209
       Bolt of Magma     |       |       |       |    21 |   150 ||   171
       Olgreb's Toxic Ra |       |       |       |     2 |    15 ||    17
       Iron Shot         |       |       |       |       |   251 ||   251
       Petrify           |       |       |       |       |    50 ||    50
       Starburst         |       |       |       |       |     6 ||     6
       Passwall          |       |       |       |       |     1 ||     1
       Fireball          |       |       |       |       |    21 ||    21
       Blink             |       |       |       |       |     6 ||     6
  Use: Scroll            |       |     4 |    12 |     8 |    10 ||    34
       Potion            |       |       |     1 |     1 |     7 ||     9
 Stab: Sleeping          |     5 |     9 |     1 |       |       ||    15
Armor: Skin              |     1 |       |    43 |    19 |    38 ||   101
Dodge: Dodged            |    26 |    26 |   150 |   139 |   324 ||   665
Block: Other             |       |       |       |     2 |    80 ||    82
       Reflection        |       |       |       |       |    14 ||    14
